 Dungeon Crawl Stone Soup version 0.30-b1-2-g02819fbbbe (webtiles) character file.

Game seed: 5433342423854021317

5826 asdfasdf the Cleaver (level 10, -4/88 HPs)
             Began as a Hill Orc Fighter on May 3, 2023.
             Slain by a yak (10 damage)
             ... on level 8 of the Dungeon.
             The game lasted 00:15:54 (8486 turns).

asdfasdf the Cleaver (Hill Orc Fighter)             Turns: 8486, Time: 00:15:55

Health: -4/88      AC: 15    Str: 23    XL:     10   Next: 80%
Magic:  10/10      EV:  8    Int: 12    God:
Gold:   626        SH: 10    Dex:  9    Spells: 9/9 levels left

rFire   . . .        a - +0 war axe
rCold   . . .        o - +1 kite shield
rNeg    . . .        n - +0 chain mail
rPois   .            (no helmet)
rElec   .            w - +0 cloak
rCorr   .            (no gloves)
SInv    .            i - +0 pair of boots
Will    .....        v - amulet of the acrobat Stlth
                     (no ring)
HPRegen 0.34/turn    (no ring)
MPRegen 0.12/turn

%: acrobat
@: no status effects
A: iridescent scales 1, clever 1
a: no special abilities


You were on level 8 of the Dungeon.
You visited 1 branch of the dungeon, and saw 8 of its levels.
You also visited: Sewer.

You collected 626 gold pieces.

Inventory:

Hand Weapons
 a - a +0 war axe (weapon)
Armour
 i - a +0 pair of boots (worn)
 n - a +0 chain mail (worn)
 o - a +1 kite shield (worn)
 w - a +0 cloak (worn)
Jewellery
 c - a ring of wizardry
 t - a ring of resist corrosion
 v - an amulet of the acrobat (around neck)
 y - an amulet of reflection
Wands
 q - a wand of iceblast (8)
 u - a wand of flame (11)
Scrolls
 d - a scroll of amnesia
 g - 2 scrolls of enchant weapon {unknown}
 j - 2 scrolls of blinking
 k - 4 scrolls of identify
 l - 5 scrolls of teleportation
 m - 3 scrolls of enchant armour
 x - a scroll of magic mapping
 B - a scroll of fear
Potions
 b - a potion of magic {unknown}
 e - 2 potions of degeneration
 f - 2 potions of curing
 h - a potion of mutation
 p - a potion of berserk rage {unknown}
 r - a potion of invisibility
 s - a potion of brilliance
 z - a potion of haste
 A - a potion of ambrosia {unknown}
 C - 2 potions of cancellation


   Skills:
 + Level 8.0 Fighting
 + Level 12.9 Axes
 + Level 8.1 Armour
 + Level 4.1 Dodging
 + Level 1.3 Stealth
 + Level 8.1 Shields


You had 9 spell levels left.
You didn't know any spells.
Your spell library contained the following spells:

 Spells                   Type           Power      Damage    Failure   Level
 Ignite Poison            Fire/Tmut/Pois 0%         N/A       100%        3
 Sticky Flame             Conj/Fire      0%         2d3       100%        4
 Ignition                 Fire           0%         3d3       100%        8


Dungeon Overview and Level Annotations

Branches:
Dungeon (8/15)             Temple (0/1) D:6           Sewer (visited)
   Lair: D:8-11

Altars:
Elyvilon
Makhleb
Zin
The Shining One

Shops:
D:5 :   D:6 *


Innate Abilities, Weirdness & Mutations

You are partially covered in iridescent scales. (AC +2)
Your mind is acute. (Int +4, Str/Dex -1)


Message History

Your Fighting skill increases to level 8!
You hit the yak.
The yak is lightly wounded.
The yak gores you.
You hit the yak.
The yak is lightly wounded.
You block the yak's attack.
You hit the yak.
The yak is moderately wounded.
The yak gores you.
* * * LOW HITPOINT WARNING * * *
You barely miss the yak.
The yak is moderately wounded.
The yak gores you.
* * * LOW HITPOINT WARNING * * *
You slash the yak!
The yak is severely wounded.
You block the yak's attack.
You hit the yak but do no damage.
The yak is heavily wounded.
You block the yak's attack.
You hit the yak.
The yak is severely wounded.
The yak gores you!
* * * LOW HITPOINT WARNING * * *
You hit the yak but do no damage.
The yak is severely wounded.
The yak closely misses you.
You slash the yak!
The yak is almost dead.
The yak gores you!
* * * LOW HITPOINT WARNING * * *
You slash the yak!
You kill the yak!
You slash the yak!
The yak is lightly wounded.
You barely miss the yak.
The yak is lightly wounded.
The yak gores you!
You die...

#### ... #####.###
###########..Y@...#
#............##.......
#.....>.......#.......
#......#####.....##.###
..........###......#....
≈≈≈≈≈≈≈..Y.##..##.....## .
≈#####≈...Y##...#......#..
#≈...Y.......###..... #
#≈Y............#......#.#


You could see a yak.

Vanquished Creatures
  A two-headed ogre (D:7)
  A manticore (D:8)
  Maggie (D:6)
  Sigmund (D:6)
  A wyvern (D:8)
  Eustachio (D:5)
  5 yaks (D:8)
  A steam dragon (D:8)
  Menkaure (D:5)
  2 water moccasins (D:6)
  2 orc warriors
  An ice beast (D:6)
  A sky beast (D:6)
  Duvessa (D:7)
  A black bear (D:6)
  An ogre (D:5)
  A centaur (D:8)
  The ghost of MrCrawl the Grave Robber, an amateur DsNe (D:3)
  A kobold brigand (D:7)
  A bullfrog (D:8)
  2 scorpions
  9 wights (D:7)
  Dowan (D:7)
  4 howler monkeys
  5 hounds
  Crazy Yiuf (D:3)
  A jelly (D:7)
  8 orc priests
  2 centaur skeletons (D:3)
  8 iguanas
  6 orc wizards
  A killer bee zombie (D:3)
  Robin (D:2)
  13 adders
  9 river rats (Sewer)
  2 shadow imps
  2 white imps (D:6)
  An ufetubus (D:6)
  A worm (D:3)
  3 dart slugs
  13 orcs
  8 endoplasms
  A giant cockroach (D:4)
  9 goblins
  12 hobgoblins
  19 kobolds
  4 quokkas
  11 ball pythons
  7 bats
  5 frilled lizards
  28 rats
  A spectral hobgoblin (D:1)
224 creatures vanquished.

Vanquished Creatures (others)
  An orc wizard (D:8)
  14 plants (D:3)
15 creatures vanquished.

Grand Total: 239 creatures vanquished

Notes
Turn   | Place    | Note
-------+----------+-------------------------------------------
     0 | D:1      | asdfasdf the Hill Orc Fighter began the quest for the Orb.
     0 | D:1      | Reached XP level 1. HP: 19/19 MP: 1/1
   218 | D:1      | Reached XP level 2. HP: 27/27 MP: 2/2
   586 | D:1      | Reached XP level 3. HP: 26/33 MP: 3/3
   591 | D:1      | Reached skill level 3 in Axes
   808 | D:1      | Found a faded altar of an unknown god.
  1190 | D:2      | Noticed Robin
  1220 | D:2      | Killed Robin
  1221 | D:2      | Reached XP level 4. HP: 40/41 MP: 4/4
  1869 | D:3      | Found a runed translucent gate.
  1889 | D:3      | Found a runed translucent gate.
  1889 | D:3      | Found a runed translucent gate.
  1889 | D:3      | Noticed MrCrawl's ghost (amateur DsNe)
  2009 | D:3      | Reached skill level 4 in Axes
  2009 | D:3      | Reached XP level 5. HP: 45/47 MP: 5/5
  2191 | D:3      | Found a runed translucent door.
  2192 | D:3      | Noticed Crazy Yiuf
  2199 | D:3      | Killed Crazy Yiuf
  2272 | D:3      | Found a burning altar of Makhleb.
  2343 | D:3      | Found a glowing silver altar of Zin.
  2344 | D:3      | Found a white marble altar of Elyvilon.
  2346 | D:3      | Found a glowing golden altar of the Shining One.
  2371 | D:3      | Found a glowing drain.
  2403 | Sewer    | Entered a sewer
  2479 | Sewer    | Reached skill level 1 in Dodging
  2541 | Sewer    | Gained mutation: You are partially covered in iridescent
                  | scales. (AC +2) [potion of mutation]
  2541 | Sewer    | Gained mutation: Your mind is acute. (Int +4, Str/Dex -1)
                  | [potion of mutation]
  2581 | Sewer    | Reached XP level 6. HP: 52/53 MP: 6/6
  2583 | Sewer    | Reached skill level 5 in Axes
  3738 | D:3      | Killed MrCrawl's ghost
  3739 | D:3      | Reached skill level 5 in Fighting
  3739 | D:3      | Reached skill level 6 in Axes
  3739 | D:3      | Reached XP level 7. HP: 52/61 MP: 7/7
  3856 | D:4      | Reached skill level 1 in Stealth
  4534 | D:4      | Reached skill level 7 in Axes
  4572 | D:5      | Entered Level 5 of the Dungeon
  4572 | D:5      | Found Ynerhozu's Self-Improvement Boutique.
  4727 | D:5      | Noticed Eustachio
  4773 | D:5      | Killed Eustachio
  4774 | D:5      | Reached skill level 5 in Shields
  4774 | D:5      | Reached XP level 8. HP: 52/69 MP: 8/8
  4844 | D:5      | Reached skill level 5 in Armour
  4944 | D:5      | Noticed Menkaure
  4985 | D:5      | Killed Menkaure
  4986 | D:5      | Reached skill level 8 in Axes
  4997 | D:5      | HP: 2/66 [orc wizard/magic dart (4)]
  5035 | D:5      | HP: 1/69 [iguana (5)]
  5593 | D:6      | Reached skill level 9 in Axes
  5715 | D:6      | Reached XP level 9. HP: 60/75 MP: 9/9
  5785 | D:6      | Found a staircase to the Ecumenical Temple.
  5866 | D:6      | Reached skill level 10 in Axes
  6390 | D:6      | Noticed Maggie
  6409 | D:6      | Killed Maggie
  6410 | D:6      | Reached skill level 11 in Axes
  6550 | D:6      | Found Zoptuneu's Assorted Antiques.
  6553 | D:6      | Noticed Sigmund
  6573 | D:6      | Killed Sigmund
  6806 | D:7      | Noticed a two-headed ogre
  6817 | D:7      | Killed a two-headed ogre
  6818 | D:7      | Reached XP level 10. HP: 45/86 MP: 10/10
  7009 | D:7      | Noticed Duvessa
  7010 | D:7      | Noticed Dowan
  7043 | D:7      | Killed Duvessa
  7044 | D:7      | Reached skill level 12 in Axes
  7058 | D:7      | Killed Dowan
  7856 | D:8      | Noticed a manticore
  7872 | D:8      | Killed a manticore
  8486 | D:8      | Slain by a yak

Illustrated notes

Levels and vault maps discovered:
D:1:      matt_arrival_los_fun, layout_loops_corners,
          dreamdust_ecumenical_altar_drowned_temple, minmay_three_crescents
D:2:      layout_basic, uniq_robin
D:3:      layout_basic, good_gods_temple_1, mainiacjoe_overflow_cross_hatched,
          gammafunk_ghost_necromancy, cheibrodos_sewer_entry_drain,
          uniq_crazy_yiuf_cottage
D:4:      layout_basic
D:5:      layout_rooms, nicolae_shop_self_help, uniq_eustachio, uniq_menkaure
D:6:      dreamdust_elfheim, layout_loops_corners, minmay_temple_entry_grid,
          serial_shops, nicolae_shop_statue_plus, uniq_sigmund, uniq_maggie
D:7:      layout_loops_cross, hangedman_decor_push, uniq_duvessa
D:8:      layout_basic, nicolae_overflow_two_pavilions, hangedman_decor_points,
          kennysheep_dice, uniq_maurice

Skill      XL: |  1  2  3  4  5  6  7  8  9 10 |
---------------+-------------------------------+-----
Fighting       | 4 5 6 7 8 |  8.0
Axes           | 3 4 6 7 9 11 12 | 12.9
Armour         | 4 5 6 8 |  8.1
Shields        | 4 5 6 7 8 |  8.1
Dodging        | 1 2 3 4 |  4.1
Stealth        | 1 |  1.3

Action                     |  1- 3 |  4- 6 |  7- 9 | 10-12 || total
---------------------------+-------+-------+-------+-------++-------
  Melee: War axe           |   118 |   238 |   356 |   197 ||   909
    Use: Potion            |     1 |     7 |    14 |       ||    22
         Scroll            |       |     9 |     2 |       ||    11
 Armour: Scale mail        |    73 |   127 |    91 |       ||   291
         Chain mail        |       |       |    56 |    71 ||   127
  Dodge: Dodged            |    56 |   105 |   163 |    74 ||   398
  Block: Buckler           |    18 |       |       |       ||    18
         Kite shield       |    28 |   108 |   178 |   102 ||   416
